Unix NetHack Version 5.0.0-0 post-release - last build Jul 19 2026 19:10:59 (3aa4ab31751d3886436d94b585a96704892fd477,branch:main).

Game began 2026-07-30 18:02:05, ended 2026-07-30 19:59:17.

ChoHag, chaotic male human Wizard

         --                              --
        ...-                              .                         --
         -..|                             .                         .--
           ./.---------                  -.-                     `....|
            -.........                   ..|    ----            ......|
         ---  -^..-                      -.|   --[.|     -----......
       ---.-- ---.-----                  |"-----...-#   -........-
     ---....|   |........-               |`.%.`.....####...###-
    --....<--  ---..-- ..|                ---[#.|...........|
    |.......|  |.........---                  |.|......>....|
    --......----...........----              --.|...........---
    -.--.|....................-----.----------................-
       ----`.............----...............................| ..-
          -----..........|  -------......G.......%..........---
              --.........-        --`.....@)..G.G.............-
               |..........|         --.....---....---..........|
               ---.|.--.---          --.---- ------ ---.--.--.--
                 ----- --             --              --- -- --
ChoHag the Evoker         St:9 Dx:14 Co:15 In:18 Wi:11 Ch:11  Chaotic S:3891
Dlvl:8  $:0  HP:0(19) Pw:7(7) AC:10 Xp:1/7 T:3753  Burdened

Latest messages:
 a - a dagger (2 in total).
 Joe bites the gnome lord.
 The gnome lord swings his bow at Joe.
 The gnome lord hits Joe.
 The gnome lord picks up an arrow.
 What do you want to use or apply? [bcgkwBCOQW-Y or ?*] w
 You produce a strange whistling sound.
 Joe shifts location.
 Joe bites the gnome lord.
 The gnome lord hits Joe.
 Joe is killed!
 The gnome lord picks up a dagger.
 You were wearing a +0 blue and green shield.
 You stop disrobing.
 You continue disrobing.
 Your body seems to unfade...
 You were wearing an uncursed ring of invisibility.
 You stop disrobing.
 You continue disrobing.
 You were wearing a blessed +2 ring of gain constitution.
 You stop disrobing.
 Your movements are slowed slightly because of your load.
 You continue disrobing.
 You were wearing an uncursed +0 cloak of magic resistance.
 You stop disrobing.
 The gnome lord shoots 2 arrows!
 The 1st arrow hits the gnome lord!
 The 2nd arrow hits the gnome lord.
 You continue disrobing.
 You were wearing a +0 hard hat.
 You stop disrobing.
 The gnome lord picks up an arrow.
 The gnome hits!
 You continue disrobing.
 You were wearing a cubical amulet.
 You were wearing a cubical amulet.
 You stop disrobing.
 You continue disrobing.
 You stop disrobing.
 The gnome lord shoots 2 arrows!
 You are almost hit by the 1st arrow.
 You are hit by the 2nd arrow!
 You continue disrobing.
 You feel yourself slow down.
 You were wearing a +0 pair of speed boots.
 You stop disrobing.
 The gnome lord shoots 2 arrows!
 The 1st arrow misses you.
 You are hit by the 2nd arrow!
 You die...

Inventory:
 Amulets  ('"')
  S - an uncursed amulet of unchanging
 Weapons  (')')
  a - 2 +0 daggers
  d - a cursed -1 dagger
  i - a +0 aklys
  t - a +0 aklys
  A - 6 cursed +0 shuriken (at the ready)
  M - 29 +0 darts
  Z - 11 +0 shuriken
 Armor    ('[')
  E - an uncursed +0 pair of speed boots
  J - an uncursed +0 cloak of magic resistance
  P - an uncursed +0 dwarvish iron helm
  R - an uncursed +0 elven shield
 Comestibles  ('%')
  n - a cursed tripe ration
 Potions  ('!')
  h - an uncursed potion of healing
 Rings    ('=')
  e - an uncursed ring of invisibility
  f - a blessed +2 ring of gain constitution
 Wands    ('/')
  c - a wand of light (0:10)
  B - a wand of nothing (0:7)
  C - a wand of slow monster (0:6)
  Q - a wand of nothing (0:5)
  W - a wand of teleportation (0:7)
  Y - a wand of nothing (0:4)
 Tools    ('(')
  b - an uncursed bag of holding containing 31 items
  g - an uncursed lock pick
  k - an uncursed credit card
  w - an uncursed magic whistle
  O - a +0 pick-axe
  X - an empty uncursed sack

Contents of the bag of holding:
  3463 gold pieces
  9 poisoned +0 orcish arrows
  70 +0 darts
  8 cursed -1 darts
  15 +0 daggers
  a cursed -2 dagger
  a +0 aklys
  a blessed +0 silver mace
  2 uncursed apples
  an uncursed carrot
  6 uncursed fortune cookies
  a cursed fortune cookie
  2 uncursed lembas wafers
  an uncursed sprig of wolfsbane
  3 uncursed tripe rations
  a cursed tripe ration
  2 uncursed scrolls of confuse monster
  a cursed scroll of confuse monster
  a cursed scroll of create monster
  a blessed scroll of enchant armor
  an uncursed scroll of enchant armor
  an uncursed scroll of food detection
  2 uncursed scrolls of identify
  3 uncursed scrolls of light
  an uncursed scroll of scare monster
  2 uncursed scrolls of scare monster
  an uncursed ring of cold resistance
  an uncursed ring of stealth
  a magic marker (0:22)
  2 uncursed worthless pieces of black glass
  an uncursed worthless piece of red glass

ChoHag the Wizard's attributes:

Background:
 You were an Evoker, a level 1 male human Wizard.
 You were chaotic, on a mission for Anhur
 who was opposed by Ptah (lawful) and Thoth (neutral).
 You were left-handed.
 You were in the Gnomish Mines, on level 8.
 You entered the dungeon 3753 turns ago.
 There was a full moon in effect when your adventure ended.
 You had 7 experience points, 13 more were needed to attain level 2.
 Your score was 3891 before end-of-game adjustments.

Basics:
 You had 0 out of 19 hit points.
 You had all 7 energy points (spell power).
 Your armor class was 10.
 Your wallet was empty, but
 you had 3463 zorkmids stashed away in your pack.
 Autopickup was off.

Final Characteristics:
 Your strength was 9 (limit:18/100).
 Your dexterity was 14 (limit:18).
 Your constitution was 15 (limit:18).
 Your intelligence was 18 (limit:18).
 Your wisdom was 11 (limit:18).
 Your charisma was 11 (limit:18).

Final Status:
 You weren't hungry.
 You were burdened; movement was slightly slowed.
 You were bare handed.
 You were unskilled in bare handed combat.
 You weren't wearing any armor.

Final Attributes:
 You were piously aligned.
 You were lucky.
 You are dead.

Miscellaneous:
 You didn't encounter any bones levels.
 Total elapsed playing time was 1 hour, 57 minutes and 11 seconds.

Major events:
 Turn
    1: ChoHag the chaotic male human Wizard entered the dungeon
  216: entered the Gnomish Mines
 3262: reached Mine Town
 3753: killed by an arrow

Spells:
 Name                 Level Category     Fail Retention
 force bolt             1   attack         0%   81%-90%
 confuse monster        1   enchantment    0%   81%-90%

Skills:
 Fighting Skills
   bare handed combat [Unskilled]
   riding             [Unskilled]
 Weapon Skills
   dagger             [Unskilled]
   knife              [Unskilled]
   axe                [Unskilled]
   short sword        [Unskilled]
   club               [Unskilled]
   mace               [Unskilled]
   quarterstaff       [Basic]
   polearms           [Unskilled]
   spear              [Unskilled]
   trident            [Unskilled]
   sling              [Unskilled]
   dart               [Unskilled]
   shuriken           [Unskilled]
 Spellcasting Skills
   attack spells      [Basic]
   healing spells     [Unskilled]
   divination spells  [Unskilled]
   enchantment spells [Basic]
   clerical spells    [Unskilled]
   escape spells      [Unskilled]
   matter spells      [Unskilled]

Voluntary challenges:
 Character rerolling was not enabled.
 You never genocided any monsters.
 You never polymorphed an object.
 You never changed form.
 You used no wishes.
Achievements:
 You entered the Gnomish Mines.
 You entered a shop.
 You entered Minetown.

 The Dungeons of Doom: levels 1 to 5
    Level 1: "box"
    Level 2: "stoned stash"
       A general store.
       Stairs down to The Gnomish Mines.
    Level 3:
       A general store.
    Level 4: "unvault"
       A general store.
    Level 5:
 The Gnomish Mines: levels 3 to 9
    Level 3:
    Level 4:
    Level 5:
    Level 6:
    Level 7:
    Level 8: <- You were here.
       Final resting place for
          you, killed by an arrow.
    Level 9:


Vanquished creatures:
  a large cat
  2 giant spiders
 an Uruk-hai
  a shrieker
  8 gnome leaders
  a gnomish wizard
 10 dwarves
  a kobold leader
  5 hill orcs
  2 acid blobs
  a gas spore
  3 hobbits
  a large kobold
  3 giant rats
  a yellow mold
  a green mold
  a red mold
 36 gnomes
  4 geckos
  5 jackals
  a fox
  a goblin
  2 sewer rats
  6 grid bugs
  2 lichens
  2 kobold zombies
  7 newts
109 creatures vanquished.

No species were genocided or became extinct.

Game over:
                       ----------
                      /          \
                     /    REST    \
                    /      IN      \
                   /     PEACE      \
                  /                  \
                  |      ChoHag      |
                  |     3463 Au      |
                  |   killed by an   |
                  |      arrow       |
                  |                  |
                  |                  |
                  |       2026       |
                 *|     *  *  *      | *
        _________)/\\_//(\/(/\)/\//\/|_)_______

Goodbye ChoHag the Wizard...

You died in The Gnomish Mines on dungeon level 8 with 3545 points,
and 3463 pieces of gold, after 3753 moves.
You were level 1 with a maximum of 19 hit points when you died.

